cohdb
Replays
Latest Replays
All Replays
Popular Replays
Top Player Replays
Match Explorer
How It Works
Community
CoH3 Stats
Reddit
Sign in to upload your games and track your stats! →
Sign in with Steam
Match 31044501
Unlisted
Match 31044501
Overview
Messages
Build Orders
End
Selects Luftwaffe Battlegroup
Selects Luftwaffe Pioneer Support
Fallschirmpioneer Squad Paradrop
Construct Infanterie Kompanie
MG 42 Machine Gun Team
MG 42 Machine Gun Team
MG 42 Bunker
Fallschirmpioneer Squad Paradrop
Selects Stuka Strafing Run
GrW 34 Mortar Team
Selects Fallschirmjäger Squad Paradrop
Construct Panzergrenadier Kompanie
MG 42 Machine Gun Team
Support Elements
Medical Bunker
Nebelwerfer 42 Rocket Launcher Team
Fallschirmjäger Squad Paradrop
Stuka Strafing Run
StuG III G Assault Gun
Selects Fragmentation Bombs
Stuka Strafing Run
SirSponkalot
Aarik
SneaKerz
gb_gbg
0
0
Comments
sign in to comment!
No comments posted yet!